 Dungeon Crawl Stone Soup version 0.27-a0-705-ga0013940fb (webtiles) character file.

Game seed: 8614265270810470765

218 jasper the Chopper (level 5, -2/41 HPs)
             Began as a Demonspawn Delver on Mar 22, 2021.
             Was an Initiate of Okawaru.
             Slain by a bullfrog zombie (4 damage)
             ... on level 5 of the Dungeon.
             The game lasted 00:06:38 (3021 turns).

jasper the Chopper (Demonspawn Delver)              Turns: 3021, Time: 00:06:38

Health: -2/41      AC: 10    Str: 14    XL:     5   Next: 63%
Magic:  5/5        EV:  6    Int: 11    God:    Okawaru [......]
Gold:   127        SH:  0    Dex: 14    Spells: 4/4 levels left

rFire    + . .     SeeInvis .   a - +1 hand axe (vorpal)
rCold    + . .     Faith    .   (no shield)
rNeg     . . .     Spirit   .   t - +0 chain mail
rPois    +         Reflect  .   (helmet restricted)
rElec    +         Harm     .   u - +0 cloak
rCorr    +         Rampage  .   k - +0 pair of gloves
Will     .....                  (no boots)
Stlth    ..........             (no amulet)
HPRegen  0.13/turn              (no ring)
MPRegen  0.09/turn              (no ring)

@: resistant, attractive
A: antennae 2, foul stench 1
a: Renounce Religion


You were on level 5 of the Dungeon.
You worshipped Okawaru.
Okawaru was noncommittal.
You visited 2 branches of the dungeon, and saw 6 of its levels.

You collected 127 gold pieces.

Inventory:

Hand Weapons
 a - a +1 vorpal hand axe (weapon)
 f - a +0 trident
 o - a +0 hunting sling
Missiles
 i - 4 boomerangs
 m - 17 arrows
 p - 62 stones
 q - 8 poisoned darts (quivered)
Armour
 b - a +0 leather armour
 k - a +0 pair of gloves (worn)
 t - a +0 chain mail (worn)
 u - a +0 cloak (worn)
 v - a scarf of harm
Wands
 g - a wand of digging (2)
Scrolls
 c - a scroll of fog
 d - a scroll of magic mapping
 l - a scroll of enchant armour {unknown}
Potions
 h - 2 potions of brilliance
 r - a potion of resistance
 s - a potion of flight {unknown}


   Skills:
 - Level 3.0 Fighting
 + Level 5.4 Axes
 - Level 1.7 Dodging
 - Level 4.5 Stealth


You had 4 spell levels left.
You didn't know any spells.
Your spell library was empty.

Dungeon Overview and Level Annotations

Branches:
Dungeon (5/15)             Temple (1/1) D:5

Altars:
Ashenzari
Cheibriados
Dithmenos
Elyvilon
Fedhas
Makhleb
Okawaru
Qazlal
Ru
Sif Muna
Uskayaw
Vehumet
Wu Jian
Zin
The Shining One


Innate Abilities, Weirdness & Mutations

You have a pair of antennae on your head.
You may rarely emit foul miasma when damaged in melee.


Message History

You hit the orc.
You kill the orc!
Okawaru accepts your kill. The orc priest hits you with a +0 club.
A bullfrog zombie comes into view.
You take 2 damage, and have 20/41 hp.
Your chain mail prevents you from hitting the orc priest.
The orc priest is moderately wounded.
You hit the orc.
The orc priest mumbles some strange prayers to Beogh against you.
Pain shoots through your body!
* * * LOW HITPOINT WARNING * * *
You take 10 damage, and have 10/41 hp.
MASSIVE DAMAGE!!
You hit the orc priest but do no damage.
The orc priest is moderately wounded.
You hit the orc. x2; The orc closely misses you.
The orc priest hits you but does no damage.
The orc hits you with a +0 club.
* * * LOW HITPOINT WARNING * * *
The orc hits you but does no damage.
You take 3 damage, and have 7/41 hp.
Okay, then.
As you read the scroll of fear, it crumbles to dust.
You assume a fearsome visage.
The orc looks frightened!
The orc priest looks frightened!
The orc looks frightened!
The bullfrog zombie is unaffected.
The bullfrog zombie hits you but does no damage.
The bullfrog zombie hits you.
* * * LOW HITPOINT WARNING * * *
You take 1 damage, and have 6/41 hp.
The bullfrog zombie hits you.
* * * LOW HITPOINT WARNING * * *
You take 5 damage, and have 2/41 hp.
It was a potion of resistance.
You feel protected.
The bullfrog zombie hits you but does no damage.
It was a potion of attraction.
You feel attractive to monsters. The bullfrog zombie hits you.
You die...

#())).......(.....
#................. #......
+#####.................
#......#..............†........
..................#####)##....
.....≈≈≈≈≈........##..).#########
...≈≈≈≈≈≈≈≈≈.......#....#.....#..
.≈≈≈≈≈≈≈≈≈≈≈≈≈..Z..#....#.....#..
≈≈≈≈≈≈...≈≈≈≈≈≈.@..#....#.....'..
≈≈≈≈≈≈.>.≈≈≈≈≈≈..<.#....#....[#..
≈≈≈≈≈≈...≈≈≈≈≈≈....#....#.....##.
≈≈≈≈≈≈≈≈≈≈≈≈≈≈≈....#....##....##.
.≈≈≈≈≈≈≈≈≈≈≈≈≈....##....##....##.
...≈≈≈≈≈≈≈≈≈..^...##....##....#..
.....≈≈≈≈≈........#...........#..
..................#...........#..
.......#.....#.>..#...........#..


You could see a bullfrog zombie.

Vanquished Creatures
  An orc priest (D:5)
  2 orc wizards (D:5)
  A hound skeleton (D:5)
  4 adders
  An ufetubus (D:5)
  A worm (D:2)
  10 orcs
  5 bats (D:1)
  5 goblins
  8 hobgoblins
  4 jackals (D:3)
  7 oozes
  4 quokkas
  3 ball pythons
  5 frilled lizards
  5 kobolds
  6 rats
72 creatures vanquished.

Vanquished Creatures (others)
  28 plants (D:3)
28 creatures vanquished.

Grand Total: 100 creatures vanquished

Notes
Turn   | Place    | Note
-------+----------+-------------------------------------------
     0 | D:5      | jasper the Demonspawn Delver began the quest for the Orb.
     0 | D:5      | Reached XP level 1. HP: 18/18 MP: 1/1
    13 | D:5      | Found a staircase to the Ecumenical Temple.
    30 | Temple   | Entered the Ecumenical Temple
   119 | Temple   | Became a worshipper of Warmaster Okawaru
   161 | D:4      | Reached skill level 2 in Axes
   286 | D:4      | Noticed an ogre
   305 | D:3      | Found a shadowy altar of Dithmenos.
   429 | D:3      | Gained mutation: You have a pair of small antennae on your
                  | head. [demonic ancestry]
   429 | D:3      | Reached XP level 2. HP: 24/24 MP: 2/2
   435 | D:2      | Found a sacrificial altar of Ru.
   591 | D:1      | Reached skill level 3 in Axes
   820 | D:1      | Gained mutation: You may rarely emit foul miasma when
                  | damaged in melee. [demonic ancestry]
   820 | D:1      | Reached XP level 3. HP: 12/29 MP: 3/3
  1729 | D:2      | Found a faded altar of an unknown god.
  2062 | D:3      | Reached XP level 4. HP: 35/35 MP: 4/4
  2099 | D:3      | Reached skill level 4 in Axes
  2626 | D:5      | Gained mutation: You have a pair of antennae on your head.
                  | [demonic ancestry]
  2626 | D:5      | Reached XP level 5. HP: 26/41 MP: 5/5
  2880 | D:5      | Reached skill level 5 in Axes
  3018 | D:5      | HP: 2/41 [bullfrog zombie (5)]
  3021 | D:5      | Slain by a bullfrog zombie

Illustrated notes

Levels and vault maps discovered:
D:1:      minmay_arrival_four_loops, layout_basic, minmay_cupped
D:2:      layout_rooms, overflow_temple_1_default,
          chequers_ecumenical_altar_island
D:3:      layout_rooms, nicolae_dithmenos_shadow_blocks, minmay_misc_feat_x,
          serial_bayou_lagoon_a, led_xom_imps
D:4:      layout_layer_cave, nemelex_xobeh_ov_fountains_minmay,
          hellmonk_ghost_happy_afterlife, chequers_arboretum,
          nemelex_diamond_rough_becter
D:5:      layout_gridville, temple_pool_b, uniq_crazy_yiuf_cottage
Temple:   bh_familiar_temple

Skill      XL: |  1  2  3  4  5 |
---------------+----------------+-----
Axes           | 2 3 4 5 |  5.4
Fighting       | |  3.0
Dodging        | |  1.7
Stealth        | |  4.5

Action                   |  1- 3 |  4- 6 || total
-------------------------+-------+-------++-------
Melee: Hand axe          |    69 |    61 ||   130
Throw: Boomerang         |    72 |       ||    72
       Stone             |     5 |     9 ||    14
       Dart              |       |    10 ||    10
Evoke: Wand              |     7 |    13 ||    20
  Use: Scroll            |     6 |     4 ||    10
       Potion            |       |     6 ||     6
 Stab: Sleeping          |     1 |       ||     1
Armor: Leather armour    |    31 |       ||    31
       Chain mail        |     8 |    64 ||    72
Dodge: Dodged            |    46 |    18 ||    64

Table legend: (Time is in decaauts)
 A = Elapsed time spent in this place.
 B = Non-inter-level travel time spent in this place.
 C = Inter-level travel time spent in this place.
 D = Time resting spent in this place.
 E = Time spent auto-exploring this place.
 F = Levels seen in this place.
 G = Mean time per level.
                   A        B        C        D        E       F      G
               +--------+--------+--------+--------+--------+-----+--------+
         Total |   3048 |   2912 |    136 |    296 |   1949 |   6 |  508.0 |
       Dungeon |   2932 |   2821 |    111 |    296 |   1865 |   5 |  586.4 |
        Temple |    115 |     90 |     25 |      0 |     84 |   1 |  115.0 |
               +--------+--------+--------+--------+--------+-----+--------+

Top non-repeatable levels by time:
     D:1: 1057 daAuts
     D:5: 837 daAuts
     D:2: 522 daAuts
     D:3: 360 daAuts
     D:4: 153 daAuts
  Temple: 115 daAuts
